 Dungeon Crawl Stone Soup version 0.27.1-33-g824d729ab1 (webtiles) character file.

Game seed: 4609070388578032315

203 Naeght the Spear-Bearer (level 5, -9/38 HPs)
             Began as a Merfolk Gladiator on Nov 30, 2021.
             Mangled by an ogre (20 damage)
             ... on level 4 of the Dungeon.
             The game lasted 00:10:16 (3209 turns).

Naeght the Spear-Bearer (Merfolk Gladiator)         Turns: 3209, Time: 00:10:16

Health: -9/38      AC:  4    Str: 15    XL:     5   Next: 81%
Magic:  5/5        EV: 13    Int:  7    God:
Gold:   140        SH:  0    Dex: 16    Spells: 4/4 levels left

rFire    . . .     SeeInvis .   a - +0 trident
rCold    . . .     Faith    .   (no shield)
rNeg     . . .     Spirit   .   b - +0 leather armour
rPois    .         Reflect  .   c - +0 helmet
rElec    .         Harm     .   (no cloak)
rCorr    .         Rampage  .   (no gloves)
Will     .....                  (no boots)
Stlth    +.........             (no amulet)
HPRegen  0.12/turn              (no ring)
MPRegen  0.09/turn              (no ring)

@: no status effects
A: (nimble swimmer 2), mertail
a: no special abilities


You were on level 4 of the Dungeon.
You visited 1 branch of the dungeon, and saw 4 of its levels.

You collected 140 gold pieces.

Inventory:

Hand Weapons
 a - a +0 trident (weapon)
Missiles
 d - 2 throwing nets (quivered)
Armour
 b - a +0 leather armour (worn)
 c - a +0 helmet (worn)
 e - a +0 chain mail
Wands
 n - a wand of flame (9)
Scrolls
 g - a scroll of fog {unknown}
 j - a scroll of teleportation {unknown}
 l - a scroll of blinking {unknown}
Potions
 f - 2 potions of curing {unknown}
 h - a potion of mutation {unknown}
 i - a potion of might {unknown}
 k - 2 potions of brilliance {unknown}
 m - a potion of haste {unknown}


   Skills:
 - Level 2.1 Fighting
 * Level 9.1 Polearms
 - Level 2.0 Throwing
 - Level 4.0 Dodging


You had 4 spell levels left.
You didn't know any spells.
Your spell library contained the following spells:

 Spells                   Type           Power      Damage    Failure   Level
 Sting                    Tmut/Pois      0%         1d3       50%         1
 Poisonous Vapours        Pois/Air       0%         N/A       65%         2
 Gell's Gravitas          Tloc           0%         N/A       86%         3
 Lesser Beckoning         Tloc           0%         N/A       86%         3
 Teleport Other           Tloc           0%         N/A       86%         3
 Olgreb's Toxic Radiance  Pois           0%         N/A       99%         4


Dungeon Overview and Level Annotations

Branches:
Dungeon (4/15)
 Temple: D:4-7

Altars:
Elyvilon


Innate Abilities, Weirdness & Mutations

((You are quick and stealthy near water. (Stealth+, EV+, Speed+++)))
Your lower body shifts to a powerful aquatic tail in water.


Message History

A kobold comes into view. It is wielding a +0 short sword.
The kobold shouts!
Things that are here:
a scroll labelled YMASKEO BORAT; a hobgoblin corpse The ogre shouts!
You puncture the quokka!
You kill the quokka!
You hear a shout!
You reach to attack!
You barely miss the quokka. You puncture the quokka!
You kill the quokka!
You puncture the hound skeleton!
The hound skeleton is moderately damaged.
The hound skeleton bites you but does no damage.
You puncture the hound skeleton!
The hound skeleton is almost destroyed.
You hear the slow rusting of a very distant drain.
The hound skeleton bites you but does no damage.
You hit the hound skeleton.
You destroy the hound skeleton!
The kobold barely misses you.
You miss the kobold. The kobold hits you but does no damage.
You hit the ogre.
The ogre is lightly wounded.
The kobold barely misses you. The ogre misses you.
You hit the ogre.
The ogre is heavily wounded.
The kobold hits you but does no damage.
An ogre comes into view. It is wielding a +0 giant spiked club.
The ogre shouts!
You hit the ogre.
The ogre is heavily wounded.
The ogre hits you with a +0 giant club!!
Ouch! That really hurt!
* * * LOW HITPOINT WARNING * * *
The kobold barely misses you.
There is a stone staircase leading up here.
The ogre hits you with a +0 giant club!!
Ouch! That really hurt!
You die...

#....# #.##.# ####
#.##.# #.. #.##.#####.#
#..........# #
#####.####..# ...
#.....####..###......
#.>.......†..........
#..#@#.###)####......
####..#O..# #... ....
.......K.## ##### ..
.####.##.# #.
.........##############.
#####....O.K..O.........
#################### # #


You could see 2 ogres and a kobold.

Vanquished Creatures
  An orc priest (D:3)
  An orc wizard (D:3)
  A hound skeleton (D:4)
  4 adders
  3 shadow imps (D:3)
  A worm (D:2)
  A dart slug (D:2)
  4 orcs (D:3)
  3 bats
  9 endoplasms
  2 giant cockroaches (D:1)
  6 goblins
  10 hobgoblins
  4 quokkas
  5 ball pythons
  5 frilled lizards
  5 kobolds
  4 rats
69 creatures vanquished.

Vanquished Creatures (others)
  A ball python (D:1)
1 creature vanquished.

Grand Total: 70 creatures vanquished

Notes
Turn   | Place    | Note
-------+----------+-------------------------------------------
     0 | D:1      | Naeght the Merfolk Gladiator began the quest for the Orb.
     0 | D:1      | Reached XP level 1. HP: 16/16 MP: 1/1
    73 | D:1      | Reached skill level 5 in Polearms
   103 | D:1      | Reached XP level 2. HP: 22/22 MP: 2/2
   254 | D:1      | Found a faded altar of an unknown god.
   891 | D:1      | Reached skill level 6 in Polearms
   891 | D:1      | Reached XP level 3. HP: 27/27 MP: 3/3
  1515 | D:2      | Reached skill level 7 in Polearms
  1515 | D:2      | Reached XP level 4. HP: 26/33 MP: 4/4
  1957 | D:3      | Reached skill level 8 in Polearms
  1957 | D:3      | Reached XP level 5. HP: 23/38 MP: 5/5
  2227 | D:3      | Found a transporter.
  2528 | D:3      | Found a transporter.
  3063 | D:3      | Found a white marble altar of Elyvilon.
  3176 | D:4      | Reached skill level 9 in Polearms
  3176 | D:4      | Noticed an ogre
  3186 | D:4      | Noticed an ogre
  3209 | D:4      | Mangled by an ogre

Illustrated notes

Levels and vault maps discovered:
D:1:      evilmike_arrival_plus, layout_loops_corners,
          ebering_ecumenical_altar_webs, lemuel_old_faithful
D:2:      layout_rooms, minmay_indecisive_spiral
D:3:      gammafunk_wand_slinger, layout_rooms, mainiacjoe_overflow_brackets,
          bh_walls_and_bars
D:4:      layout_basic, portal_sewer_entry_e

Skill      XL: |  1  2  3  4  5 |
---------------+----------------+-----
Polearms       | 5 6 7 8 9 |  9.1
Fighting       | |  2.1
Throwing       | |  2.0
Dodging        | |  4.0

Action                   |  1- 3 |  4- 6 || total
-------------------------+-------+-------++-------
Melee: Trident           |    99 |    99 ||   198
       Tailslap          |       |     3 ||     3
Throw: Throwing net      |     1 |       ||     1
Evoke: Wand              |       |     6 ||     6
 Stab: Held in net/web   |     1 |       ||     1
       Sleeping          |     1 |       ||     1
Armor: Leather armour    |    18 |    10 ||    28
Dodge: Dodged            |    60 |    35 ||    95
